 Dungeon Crawl Stone Soup version 0.29-a0-643-ga013cefcf8 (webtiles) character file.

Game seed: 10434006845630745794

151 avis the Chiller (level 4, -1/37 HPs)
             Began as a Demigod Ice Elementalist on June 19, 2022.
             Frozen to death by an endoplasm (4 damage)
             ... on level 3 of the Dungeon.
             The game lasted 00:14:20 (2747 turns).

avis the Chiller (Demigod Ice Elementalist)         Turns: 2747, Time: 00:14:21

Health: -1/37      AC:  4    Str:  9    XL:     4   Next: 86%
Magic:  2/9        EV: 12    Int: 17    God:
Gold:   89         SH:  0    Dex: 18    Spells: 3/7 levels left

rFire   . . .      SeeInvis .   a - +0 short sword
rCold   . . .      Faith    .   (no shield)
rNeg    . . .      Spirit   .   d - +0 robe
rPois   .          Reflect  .   t - +0 helmet
rElec   .          Harm     .   (no cloak)
rCorr   .          Rampage  .   l - +0 pair of gloves
Will    .....                   (no boots)
Stlth   ++........              (no amulet)
HPRegen 0.12/turn               (no ring)
MPRegen 0.11/turn               (no ring)

@: very slightly contaminated
A: high MP 1, forlorn, divine attributes
a: no special abilities


You were on level 3 of the Dungeon.
You visited 1 branch of the dungeon, and saw 3 of its levels.

You collected 131 gold pieces.
You spent 42 gold pieces at shops.

Inventory:

Hand Weapons
 a - a +0 short sword (weapon)
 k - a +0 dagger
Missiles
 h - 6 poisoned darts
Armour
 d - a +0 robe (worn)
 l - a +0 pair of gloves (worn)
 t - a +0 helmet (worn)
Jewellery
 g - a ring of flight
Wands
 n - a wand of iceblast (9)
Scrolls
 e - a scroll of amnesia {unknown}
 f - 3 scrolls of noise
 i - a scroll of fear {unknown}
 j - a scroll of torment {unknown}
 m - a scroll of identify
 p - a scroll of teleportation {unknown}
 q - a scroll of magic mapping {unknown}
Potions
 b - a potion of magic
 c - a potion of heal wounds
 o - a potion of cancellation
 r - a potion of curing
 s - a potion of lignification {unknown}


   Skills:
 * Level 2.6 Fighting
 - Level 1.7 Dodging
 - Level 1.7 Stealth
 - Level 2.0 Spellcasting
 - Level 5.0 Ice Magic


You had 3 spell levels left.
You knew the following spells:

 Your Spells              Type           Power      Damage    Failure   Level
a - Freeze                Ice            72%        1d9       2%          1
o - Ozocubu's Armour      Ice            18%        N/A       8%          3

Your spell library contained the following spells:

 Spells                   Type           Power      Damage    Failure   Level
 Frozen Ramparts          Ice            36%        1d5       8%          3
 Inner Flame              Hex/Fire       1%         N/A       50%         3
 Hailstorm                Conj/Ice       10%        3d5       56%         4
 Cause Fear               Hex            0%         N/A       88%         4
 Fireball                 Conj/Fire      0%         3d3       99%         5
 Irradiate                Conj/Tmut      0%         3d13      99%         5
 Discord                  Hex            0%         N/A       100%        8


Dungeon Overview and Level Annotations

Branches:
Dungeon (3/15)

Shops:
D:2 ?

Portals:
Abyss: D:3

Annotations:
D:3 2 transporters, Ijyb; nrs142's ghost, amateur MiMo


Innate Abilities, Weirdness & Mutations

You have an increased reservoir of magic. (+10% MP)
You shall have no god before yourself.
Your divine heritage dramatically boosts your attributes as you level up.


Message History

The orc barely misses you. The orc hits you but does no damage.
Casting: Freeze (safe; 2% risk of failure)
Confirm with . or Enter, or press ? or * to list all spells.
Aiming: Freeze (safe; 2% risk of failure)
Press: ? - help, Shift-Dir - straight line, f/p - orc
Aim: an orc, wielding a +0 club and quivering silver boomerangs (severely wounded)
You freeze the orc.
You kill the orc!
The endoplasm closely misses you. The orc barely misses you.
The orc misses you.
Casting: Freeze (safe; 2% risk of failure)
Confirm with . or Enter, or press ? or * to list all spells.
Aiming: Freeze (safe; 2% risk of failure)
Press: ? - help, Shift-Dir - straight line, f - orc
Aim: an orc, wielding a +0 club You freeze the orc.
The orc is heavily wounded.
The endoplasm barely misses you. The orc hits you with a +0 morningstar!
The orc hits you but does no damage.
Casting: Freeze (safe; 2% risk of failure)
Confirm with . or Enter, or press ? or * to list all spells.
You miscast Ozocubu's Armour.
You are very lightly contaminated with residual magic.
You feel uncomfortably cold.
The endoplasm hits you but does no damage.
The orc hits you with a +0 morningstar!
* * * LOW HITPOINT WARNING * * *
The orc hits you but does no damage. The orc attacks as you move away!
The orc closely misses you. The orc hits you with a +0 club.
* * * LOW HITPOINT WARNING * * *
Found an escape hatch in the floor.
The orc misses you. The orc barely misses you.
The orc attacks as you move away! The orc completely misses you.
The orc attacks as you move away! The orc closely misses you.
The endoplasm attacks as you move away! The endoplasm misses you.
There is a stone staircase leading up here.
The endoplasm freezes you.
You are frozen.
You die...

..###...#...# #
.####.......##.# ..## .
##...[# #...##. ?...
..>..#..###....#∩ ####
...#..........##. ##..#
#.............#.©###...#
#.............####......
........................
##.....@................
##.....oJo...#####.###.#.
#..............# #.# #...
........)......###.###..#
........)...........###..
.......).............###.
...................#..###
..................###....
#.................# #####


You could see 2 orcs and an endoplasm.

Vanquished Creatures
  Natasha (twice) (D:2)
  4 adders (D:2)
  A dart slug (D:1)
  3 orcs (D:3)
  6 ball pythons
  9 endoplasms
  2 giant cockroaches (D:2)
  7 goblins
  6 hobgoblins
  3 jackals (D:2)
  4 kobolds
  A quokka (D:1)
  3 frilled lizards
  5 rats
56 creatures vanquished.

Notes
Turn   | Place    | Note
-------+----------+-------------------------------------------
     0 | D:1      | avis the Demigod Ice Elementalist began the quest for the
                  | Orb.
     0 | D:1      | Reached XP level 1. HP: 14/14 MP: 5/5
   319 | D:1      | Reached skill level 4 in Ice Magic
   402 | D:1      | Reached XP level 2. HP: 22/22 MP: 1/7
   498 | D:1      | Reached skill level 1 in Fighting
   878 | D:1      | Got Buplaloh's Catalogue of Attacks and the Arsonist
  1201 | D:2      | Reached XP level 3. HP: 25/29 MP: 5/8
  1205 | D:2      | Learned a level 3 spell: Ozocubu's Armour
  1439 | D:2      | Noticed Natasha
  1449 | D:2      | Killed Natasha
  1450 | D:2      | Reached XP level 4. HP: 36/36 MP: 1/9
  2011 | D:2      | Noticed Natasha
  2013 | D:2      | Found Posyodghe's Magic Scroll Boutique.
  2021 | D:2      | Killed Natasha
  2022 | D:2      | Reached skill level 5 in Ice Magic
  2095 | D:2      | Bought a scroll of identify for 28 gold pieces
  2095 | D:2      | Bought a scroll of noise for 14 gold pieces
  2318 | D:3      | Noticed Ijyb
  2608 | D:3      | Found a transporter.
  2609 | D:3      | Noticed a small abomination
  2615 | D:3      | Noticed nrs142's ghost (amateur MiMo)
  2687 | D:3      | Found a transporter.
  2691 | D:3      | Noticed an ancient zyme
  2716 | D:3      | Found a one-way gate to the infinite horrors of the Abyss.
  2747 | D:3      | Frozen to death by an endoplasm

Illustrated notes

Levels and vault maps discovered:
D:1:      ebering_hopf_link, layout_basic,
          shapermc_ecumenical_altar_starsandcircs, minmay_circled_x
D:2:      layout_basic, serial_shops, shop, minmay_cupped, uniq_natasha
D:3:      layout_rooms, gammafunk_ghost_abyssal_escape, minmay_rat_hole,
          uniq_jessica, uniq_ijyb

Skill      XL: |  1  2  3  4 |
---------------+-------------+-----
Ice Magic      | 4 5 |  5.0
Fighting       | 2 |  2.6
Spellcasting   | 2 |  2.0
Dodging        | |  1.7
Stealth        | |  1.7

Action                   |  1- 3 |  4- 6 || total
-------------------------+-------+-------++-------
Melee: Short sword       |    12 |     2 ||    14
 Cast: Freeze            |    57 |    36 ||    93
       Ozocubu's Armour  |     1 |     3 ||     4
  Use: Scroll            |       |     3 ||     3
 Stab: Sleeping          |       |     1 ||     1
Armor: Robe              |     9 |     8 ||    17
       Skin              |       |     2 ||     2
Dodge: Dodged            |    40 |    25 ||    65

Table legend: (Time is in decaauts)
 A = Elapsed time spent in this place.
 B = Non-inter-level travel time spent in this place.
 C = Inter-level travel time spent in this place.
 D = Time resting spent in this place.
 E = Time spent auto-exploring this place.
 F = Levels seen in this place.
 G = Mean time per level.
                   A        B        C        D        E       F      G
               +--------+--------+--------+--------+--------+-----+--------+
         Total |   2748 |   2503 |    245 |   1037 |    937 |   3 |  916.0 |
       Dungeon |   2748 |   2503 |    245 |   1037 |    937 |   3 |  916.0 |
               +--------+--------+--------+--------+--------+-----+--------+

Top non-repeatable levels by time:
     D:2: 1348 daAuts
     D:1: 1198 daAuts
     D:3: 200 daAuts
